 Dungeon Crawl Stone Soup version 0.19-a0-1111-gcceb26a (webtiles) character file.

74 mistymad the Magician (level 4, -4/25 HPs)
             Began as a Deep Elf Fire Elementalist on Aug 11, 2016.
             Killed from afar by an orc wizard (8 damage)
             ... with a puff of frost
             ... on level 3 of the Dungeon.
             The game lasted 00:05:06 (2163 turns).

mistymad the Magician (Deep Elf Fire Elementalist)  Turns: 2163, Time: 00:05:07

Health: -4/25      AC:  2    Str: 15    XL:     4   Next: 9%
Magic:  4/12       EV: 13    Int: 21    God:
Gold:   119        SH:  0    Dex: 15    Spells: 4 memorised, 2 levels left

rFire  . . .     SeeInvis .     f - +1 dagger (speed)
rCold  . . .     Gourm    .     i - +0 robe (curse)
rNeg   . . .     Faith    .     (no shield)
rPois  .         Spirit   .     (no helmet)
rElec  .         Dismiss  .     (no cloak)
rCorr  .         Reflect  .     (no gloves)
SustAt .         Harm     .     (no boots)
MR     .....                    (no amulet)
Stlth  ++........               (no ring)
                                n - +5 ring of strength

@: mighty
A: no striking features
a: no special abilities


You were on level 3 of the Dungeon.
You were not hungry.

You visited 1 branch of the dungeon, and saw 3 of its levels.

You collected 119 gold pieces.

Inventory:

Hand Weapons
 f - a +1 dagger of speed (weapon)
 q - a +0 hunting sling
Missiles
 p - 40 stones (quivered)
Armour
 i - a cursed +0 robe (worn)
Jewellery
 n - a +5 ring of strength (left hand)
Scrolls
 d - 2 scrolls of immolation {unknown}
 h - 3 scrolls of identify {unknown}
 j - 2 scrolls of amnesia {unknown}
 m - a scroll of enchant weapon {unknown}
 r - 2 scrolls of magic mapping {unknown}
 s - a scroll of teleportation {unknown}
Books
 b - a book of Flames

   Spells                             Type                      Level
   a - Flame Tongue                   Conjuration/Fire             1
   b - Throw Flame                    Conjuration/Fire             2
   c - Conjure Flame                  Conjuration/Fire             3
   d - Inner Flame                    Hexes/Fire                   3
   e - Sticky Flame                   Conjuration/Fire             4
   f - Fireball                       Conjuration/Fire             5
 k - a book of Ice

   Spells                             Type                      Level
   a - Ice Form                       Ice/Transmutation            4
   b - Metabolic Englaciation         Hexes/Ice                    5
   c - Ozocubu's Refrigeration        Ice                          6
   d - Bolt of Cold                   Conjuration/Ice              6
   e - Freezing Cloud                 Conjuration/Ice/Air          6
   f - Simulacrum                     Ice/Necromancy               6
Comestibles
 a - 10 chunks of flesh
 c - a bread ration
 g - a beef jerky
 o - a meat ration


   Skills:
 + Level 1.1 Fighting
 - Level 2.4 Dodging
 - Level 2.4 Stealth
 + Level 4.3 Spellcasting
 + Level 2.5 Conjurations
 + Level 3.5 Fire Magic


You had 2 spell levels left.
You knew the following spells:

 Your Spells              Type           Power        Failure   Level  Hunger
a - Flame Tongue          Conj/Fire      ###..        3%          1    None
b - Throw Flame           Conj/Fire      ###...       6%          2    #......
c - Conjure Flame         Conj/Fire      ###.....     12%         3    ##.....
d - Inner Flame           Hex/Fire       ##......     21%         3    ##.....


Dungeon Overview and Level Annotations

Branches:
Dungeon (3/15)

Altars:


Message History

You hit the plant but do no damage.
You see here 21 sling bullets.
A magic dart appears from out of thin air!
The magic dart hits you!
* * * LOW HITPOINT WARNING * * *
You take 6 damage, and have 3/25 hp.
MASSIVE DAMAGE!!
A magic dart appears from out of thin air!
The magic dart hits you!
* * * LOW HITPOINT WARNING * * *
You take 3 damage, and have 1/25 hp.
It was a potion of might.
You feel very mighty all of a sudden.
Your magical contamination has completely faded away.
It was a potion of curing.
You feel better. Something hits you.
* * * LOW HITPOINT WARNING * * *
You regained 3 hp, and now have 4/25 hp.
You hear some strange, mumbled words.
A puff of frost appears from out of thin air!
The puff of frost hits you!
You die...

#..(.≈≈≈.#
#....≈≈≈.#
#..g.≈≈###
#....≈≈# #
#....≈≈# .#
#....≈≈#####≈
#....≈≈≈≈≈≈≈≈
#....≈≈≈≈≈≈≈≈
#....@.......
#......P.....
#############


You could see a gnoll.

Vanquished Creatures
  A gnoll (D:1)
  An adder (D:3)
  2 dart slugs
  A giant gecko (D:2)
  An orc (D:3)
  A giant cockroach (D:2)
  6 goblins
  12 hobgoblins
  2 jackals (D:1)
  2 kobolds (D:1)
  A quokka (D:3)
  7 bats
  A giant newt (D:2)
  6 rats
44 creatures vanquished.

Notes
Turn   | Place    | Note
-------+----------+-------------------------------------------
     0 | D:1      | mistymad the Deep Elf Fire Elementalist began the quest for the Orb.
     0 | D:1      | Reached XP level 1. HP: 10/10 MP: 6/6
   280 | D:1      | Reached XP level 2. HP: 15/15 MP: 6/8
   787 | D:1      | Reached XP level 3. HP: 20/20 MP: 10/10
  1109 | D:2      | Learned a level 2 spell: Throw Flame
  1113 | D:2      | Learned a level 3 spell: Conjure Flame
  1117 | D:2      | Learned a level 3 spell: Inner Flame
  1140 | D:2      | Reached skill level 4 in Spellcasting
  1840 | D:2      | Reached skill level 1 in Fighting
  1963 | D:3      | Reached XP level 4. HP: 17/25 MP: 4/12
  2160 | D:3      | HP: 1/25 [something/magic dart (3)]
  2163 | D:3      | Killed from afar by an orc wizard

Vault maps used:
D:1:      erik_arrival_triangle_medium, serial_bayou_lagoon_a
D:3:      lemuel_castle_with_subvaults, st_stairs_7, nemelex_dance_club_becter

Skill      XL: |  1  2  3 |
---------------+----------+-----
Conjurations   | 2 |  2.5
Spellcasting   | 4 |  4.3
Fighting       | 1 |  1.1
Dodging        | |  2.4
Stealth        | |  2.4
Fire Magic     | |  3.5

Action                   |  1- 3 |  4- 6 || total
-------------------------+-------+-------++-------
Melee: Dagger            |     4 |     1 ||     5
 Cast: Flame Tongue      |    63 |     5 ||    68
       Throw Flame       |     1 |     3 ||     4
       Inner Flame       |     1 |     2 ||     3
       Conjure Flame     |     1 |     1 ||     2
  Use: Potion            |       |     2 ||     2
  Eat: Chunk             |     3 |     1 ||     4
Armor: Robe              |     5 |       ||     5
Dodge: Dodged            |    18 |     1 ||    19
